 Dungeon Crawl Stone Soup version 0.31-a0-1008-g5b978dac0e (webtiles) character file.

Game seed: 13401701445473552632

4911 Malachi the Carver (level 10, -12/81 HPs)
             Began as a Demonspawn Gladiator on Nov 13, 2023.
             Was an Initiate of Nemelex Xobeh.
             Mangled by a two-headed ogre
             ... wielding a +0 giant club
              (19 damage)
             ... on level 8 of the Dungeon.
             The game lasted 00:11:34 (9495 turns).

Malachi the Carver (Demonspawn Gladiator)           Turns: 9495, Time: 00:11:35

Health: -12/81     AC: 12    Str: 17    XL:     10   Next: 27%
Magic:  0/13       EV:  8    Int:  9    God:    Nemelex Xobeh [......]
Gold:   381        SH:  0    Dex: 17    Spells: 9/9 levels left

rFire   . . .        a - +0 long sword
rCold   . . .        (no shield)
rNeg    . . .        h - +0 plate armour
rPois   .            c - +0 helmet
rElec   .            (no cloak)
rCorr   +            n - +0 pair of gloves
SInv    .            (no boots)
Will    .....        l - amulet of guardian spirit Stlth
                     q - ring of resist corrosion
HPRegen 0.33/turn    (no ring)
MPRegen 0.26/turn

%: guardian spirit
@: no status effects
A: hooves 2, repulsion field 2, magic regeneration
a: Renounce Religion, Draw Escape, Draw Destruction, Draw Summoning


You were on level 8 of the Dungeon.
You worshipped Nemelex Xobeh.
Nemelex Xobeh was noncommittal.
You visited 2 branches of the dungeon, and saw 9 of its levels.

You collected 461 gold pieces.
You spent 80 gold pieces at shops.

Inventory:

Hand Weapons
 a - a +0 long sword (weapon)
 p - a +0 heavy falchion
Missiles
 d - 3 throwing nets
 e - a javelin
 s - 8 boomerangs (quivered)
 v - 10 poisoned darts
Armour
 c - a +0 helmet (worn)
 h - a +0 plate armour (worn)
 n - a +0 pair of gloves (worn)
Jewellery
 k - a ring of fire
 l - an amulet of guardian spirit (around neck)
 q - a ring of resist corrosion (left hand)
Wands
 x - a wand of flame (22)
Scrolls
 b - 2 scrolls of blinking
 o - 2 scrolls of poison
 r - a scroll of fog
 w - a scroll of teleportation
Potions
 f - a potion of cancellation {unknown}
 g - 3 potions of might
 i - a potion of haste
 j - 2 potions of attraction {unknown}
 u - 2 potions of berserk rage {unknown}
 z - 2 potions of lignification {unknown}


   Skills:
 + Level 8.3 Fighting
 + Level 11.7 Long Blades
 - Level 1.8 Throwing
 - Level 2.7 Dodging
 + Level 4.0 Invocations


You had 9 spell levels left.
You didn't know any spells.
Your spell library contained the following spells:

 Spells                   Type           Power      Damage    Failure   Level
 Sandblast                Erth           0%         2d4       100%        1
 Blink                    Tloc           0%         N/A       100%        2
 Passwall                 Tmut/Erth      0%         N/A       100%        2
 Dazzling Flash           Conj/Hex       0%         N/A       100%        3
 Stone Arrow              Conj/Erth      0%         3d7       100%        3
 Brom's Barrelling Bould  Conj/Erth      0%         2d3       100%        4
 Manifold Assault         Tloc           0%         N/A       100%        4
 Agony                    Necr           0%         N/A       100%        5
 Silence                  Hex/Air        0%         N/A       100%        5


Dungeon Overview and Level Annotations

Branches:
Dungeon (8/15)             Temple (1/1) D:6            Lair (0/5) D:8

Altars:
Ashenzari
Cheibriados
Dithmenos
Fedhas
Gozag
Hepliaklqana
Kikubaaqudgha
Makhleb
Nemelex Xobeh
Okawaru
Qazlal
Ru
Sif Muna
Trog
Uskayaw
Vehumet
Wu Jian
Xom
Yredelemnul

Shops:
D:1 !

Annotations:
D:8 1 runed translucent door


Innate Abilities, Weirdness & Mutations

You have hoof-like feet.
You are surrounded by a moderate repulsion field. (EV +3)
You regenerate magic rapidly.


Message History

You start resting.
Magic restored.
You start resting.
HP restored.
You start waiting.
Done waiting.
Found a club.
Found a stone staircase leading up and a stone staircase leading down.
There is a stone staircase leading down here.
f - a golden potion You now have 364 gold pieces (gained 1).
You now have 381 gold pieces (gained 17).
There is a stone staircase leading up here.
Found a runed translucent door.
A two-headed ogre comes into view.
It is wielding a +0 giant club and a +0 giant spiked club.
The two-headed ogre shouts in stereo!
The two-headed ogre moves out of view.
No target in view!
The orc shouts!
The orc shouts!
You hit the two-headed ogre but do no damage.
You kick the two-headed ogre.
The two-headed ogre is lightly wounded.
You barely miss the two-headed ogre. You kick the two-headed ogre.
The two-headed ogre is lightly wounded.
The two-headed ogre hits you with a +0 giant club!!
The two-headed ogre hits you with a +0 giant spiked club.
You hit the two-headed ogre.
The two-headed ogre is lightly wounded.
The two-headed ogre hits you with a +0 giant club!
The two-headed ogre hits you with a +0 giant spiked club!
You hit the two-headed ogre. You kick the two-headed ogre.
The two-headed ogre is moderately wounded.
You slash the two-headed ogre! Your kick misses the two-headed ogre.
The two-headed ogre is heavily wounded.
The two-headed ogre hits you with a +0 giant club!!
* * * LOW HITPOINT WARNING * * *
The two-headed ogre hits you with a +0 giant spiked club!!
You die...
Your body disappears without a glow.

..#..##
#...........#....♣......
......#
#..............P........
####..#
#####...........P......P
#..#
###.....##.......... ##
#.....##.#......##
#........##.....##
#.................
#........## ..
##@#........ ##
#..O........
##.###...... # #.+##
#...#. ..... #..o ..^#
..... #...# .... .)...
....# .. ..... ....# .
... .... .


You could see a two-headed ogre and an orc.

Vanquished Creatures
  Sigmund (D:6)
  5 wyverns (D:8)
  Eustachio (D:6)
  A yak (D:8)
  Menkaure (D:5)
  4 water moccasins
  3 ice beasts
  2 orc warriors (D:7)
  2 sky beasts
  A black bear (D:4)
  6 ogres
  2 centaurs
  2 phantoms
  Blork the orc (D:6)
  4 bullfrogs
  4 scorpions
  A wight (D:7)
  3 howler monkeys
  A hound (D:6)
  3 orc priests
  4 jellies
  4 iguanas
  Jessica (D:2)
  8 orc wizards
  A sleepcap (D:7)
  4 gnolls (D:3)
  11 adders
  2 shadow imps
  A white imp (D:7)
  2 worms
  25 orcs
  9 ball pythons
  7 endoplasms
  2 giant cockroaches (D:2)
  11 goblins
  6 hobgoblins
  4 jackals (D:3)
  3 quokkas
  4 bats
  4 frilled lizards
  3 kobolds
  7 rats
171 creatures vanquished.

Vanquished Creatures (others)
  2 yaks (D:8)
  An orc wizard (D:4)
3 creatures vanquished.

Grand Total: 174 creatures vanquished

Notes
Turn   | Place    | Note
-------+----------+-------------------------------------------
     0 | D:1      | Malachi the Demonspawn Gladiator began the quest for the
                  | Orb.
     0 | D:1      | Reached XP level 1. HP: 16/16 MP: 1/1
   190 | D:1      | Reached skill level 3 in Long Blades
   205 | D:1      | Gained mutation: You have large cloven feet. [demonic
                  | ancestry]
   205 | D:1      | Reached XP level 2. HP: 22/22 MP: 2/2
   542 | D:1      | Found Hihiumar's Distillery.
   548 | D:1      | Bought a potion of curing for 30 gold pieces
   548 | D:1      | Bought a potion of heal wounds for 50 gold pieces
   777 | D:2      | Reached XP level 3. HP: 22/27 MP: 1/3
   908 | D:2      | Noticed Jessica
   918 | D:2      | Killed Jessica
   919 | D:2      | Reached skill level 4 in Long Blades
   920 | D:2      | Gained mutation: You regenerate magic rapidly. [demonic
                  | ancestry]
   920 | D:2      | Reached XP level 4. HP: 33/33 MP: 1/4
  1519 | D:3      | Reached skill level 5 in Long Blades
  1645 | D:3      | Gained mutation: You are surrounded by a mild repulsion
                  | field. (EV +2) [demonic ancestry]
  1645 | D:3      | Reached XP level 5. HP: 21/38 MP: 2/5
  1737 | D:3      | Found a sacrificial altar of Ru.
  2428 | D:4      | Noticed a phantom
  2440 | D:4      | Killed a phantom
  2441 | D:4      | Reached skill level 6 in Long Blades
  2441 | D:4      | Reached XP level 6. HP: 33/44 MP: 3/6
  2849 | D:4      | Reached skill level 7 in Long Blades
  3250 | D:4      | Identified the +0 robe of the Game of Life {rC- rN++}
  3607 | D:5      | Entered Level 5 of the Dungeon
  3635 | D:5      | Noticed Menkaure
  3646 | D:5      | Killed Menkaure
  3647 | D:5      | Gained mutation: You are surrounded by a moderate repulsion
                  | field. (EV +3) [demonic ancestry]
  3647 | D:5      | Reached XP level 7. HP: 17/50 MP: 2/7
  3860 | D:5      | Reached skill level 8 in Long Blades
  4134 | D:5      | Reached skill level 9 in Long Blades
  4134 | D:5      | Gained mutation: You have hoof-like feet. [demonic
                  | ancestry]
  4134 | D:5      | Reached XP level 8. HP: 22/56 MP: 3/8
  4704 | D:5      | Found an ornate altar of the Wu Jian Council.
  4880 | D:6      | Found a blossoming altar of Fedhas.
  4968 | D:6      | Noticed Eustachio
  5006 | D:6      | HP: 2/60 [river rat[Eustachio] (3)]
  5017 | D:6      | Killed Eustachio
  5432 | D:6      | Reached skill level 10 in Long Blades
  5490 | D:6      | Found a staircase to the Ecumenical Temple.
  5625 | D:6      | Reached skill level 5 in Fighting
  5658 | D:6      | Reached XP level 9. HP: 68/68 MP: 9/9
  5951 | D:6      | Noticed Sigmund
  5964 | D:6      | Killed Sigmund
  5991 | D:6      | Noticed Blork the orc
  6000 | D:6      | Killed Blork the orc
  6248 | D:6      | Found a shimmering blue altar of Sif Muna.
  6685 | D:7      | Reached skill level 11 in Long Blades
  7352 | D:7      | Found an opulent altar of Gozag.
  8151 | Temple   | Entered the Ecumenical Temple
  8306 | Temple   | Became a worshipper of Nemelex Xobeh the Trickster
  8438 | D:8      | Found a basalt altar of Yredelemnul.
  8438 | D:8      | Found a burning altar of Makhleb.
  8521 | D:8      | Reached skill level 1 in Invocations
  8546 | D:8      | Reached XP level 10. HP: 20/80 MP: 6/11
  8564 | D:8      | HP: 2/80 [yak (7)]
  8572 | D:8      | HP: 1/80 [centaur/arrow (2)]
  9030 | D:8      | Found a staircase to the Lair.
  9475 | D:8      | Found a runed translucent door.
  9482 | D:8      | Noticed a two-headed ogre
  9495 | D:8      | Mangled by a two-headed ogre

Illustrated notes

Levels and vault maps discovered:
D:1:      nicolae_arrival_washed_ashore, layout_loops_ring, serial_shops,
          nicolae_shop_peninsula
D:2:      layout_loops_ring, uniq_jessica
D:3:      layout_loops_ring, lemuel_round_altar
D:4:      layout_gridville
D:5:      layout_loops_ring, mainiacjoe_overflow_cross_hatched, uniq_menkaure
D:6:      layout_basic, lemuel_blue_sif_altar, fedhas_bush_and_centaur_altar,
          minmay_temple_entry_antechambers, kennysheep_generic_room_14,
          uniq_sigmund, uniq_eustachio, uniq_blork_the_orc
D:7:      minmay_recursive_quarters, layout_cave_pools,
          mainiacjoe_overflow_boulevard
D:8:      cheibrodos_histonic, layout_basic,
          chequers_temple_overflow_statue_of_worship, minmay_lair_entry_grove,
          minmay_misc_feat_tower
Temple:   hellmonk_temple_of_storms

Skill      XL: |  1  2  3  4  5  6  7  8  9 10 |
---------------+-------------------------------+-----
Long Blades    | 3 4 5 6 7 9 10 11 | 11.7
Fighting       | 5 7 8 |  8.3
Invocations    | 2 4 |  4.0
Throwing       | |  1.8
Dodging        | |  2.7

Action                     |  1- 3 |  4- 6 |  7- 9 | 10-12 || total
---------------------------+-------+-------+-------+-------++-------
  Melee: Long sword        |    65 |   207 |   377 |    50 ||   699
         Kick              |     7 |    45 |   130 |    24 ||   206
         Punch             |     1 |     1 |     9 |     1 ||    12
  Evoke: Wand              |       |       |    12 |       ||    12
    Use: Scroll            |     1 |     6 |     5 |       ||    12
         Potion            |     1 |     2 |     5 |     1 ||     9
   Stab: Sleeping          |     1 |       |       |       ||     1
         Invisible         |       |       |       |     4 ||     4
 Armour: Leather armour    |    17 |       |       |       ||    17
         Chain mail        |    27 |   165 |   248 |       ||   440
         Plate armour      |       |       |    34 |    35 ||    69
  Dodge: Dodged            |    27 |   110 |   196 |    22 ||   355

Table legend: (Time is in decaauts)
 A = Elapsed time spent in this place.
 B = Non-inter-level travel time spent in this place.
 C = Inter-level travel time spent in this place.
 D = Time resting spent in this place.
 E = Time spent auto-exploring this place.
 F = Levels seen in this place.
 G = Mean time per level.
                   A        B        C        D        E       F      G
               +--------+--------+--------+--------+--------+-----+--------+
         Total |   9487 |   9025 |    462 |   2636 |   4790 |   9 | 1054.1 |
       Dungeon |   9400 |   8946 |    454 |   2636 |   4790 |   8 | 1175.0 |
        Temple |     87 |     79 |      8 |      0 |      0 |   1 |   87.0 |
               +--------+--------+--------+--------+--------+-----+--------+

Top non-repeatable levels by time:
     D:6: 2135 daAuts
     D:7: 1296 daAuts
     D:5: 1271 daAuts
     D:4: 1207 daAuts
     D:8: 1054 daAuts
     D:3: 898 daAuts
     D:2: 802 daAuts
     D:1: 735 daAuts
  Temple: 87 daAuts
